 Dungeon Crawl Stone Soup version 0.29-a0-817-g9904bce7a6 (webtiles) character file.

Game seed: 4787788881551818166

65 jlumianski the Trooper (level 3, -12/29 HPs)
             Began as a Demonspawn Fighter on July 6, 2022.
             Mangled by Crazy Yiuf
             ... wielding a +4 quarterstaff of chaos
              (16 damage)
             ... on level 2 of the Dungeon.
             The game lasted 00:07:12 (1669 turns).

jlumianski the Trooper (Demonspawn Fighter)         Turns: 1669, Time: 00:07:13

Health: -12/29     AC:  7    Str: 18    XL:     3   Next: 94%
Magic:  3/3        EV:  9    Int: 11    God:
Gold:   102        SH:  4    Dex: 12    Spells: 0/2 levels left

rFire   . . .      SeeInvis .   a - +0 war axe
rCold   . . .      Faith    .   c - +0 buckler
rNeg    . . .      Spirit   .   b - +0 scale mail
rPois   .          Reflect  .   f - +0 helmet
rElec   .          Harm     .   (no cloak)
rCorr   .          Rampage  .   (no gloves)
Will    +....                   (no boots)
Stlth   ..........              (no amulet)
HPRegen 0.09/turn               e - ring of willpower
MPRegen 0.08/turn               (no ring)

@: mighty
A: big brain 1
a: no special abilities


You were on level 2 of the Dungeon.
You visited 1 branch of the dungeon, and saw 4 of its levels.

You collected 102 gold pieces.

Inventory:

Hand Weapons
 a - a +0 war axe (weapon)
 g - a +4 dagger
Missiles
 h - 16 stones
 l - 6 boomerangs (quivered)
Armour
 b - a +0 scale mail (worn)
 c - a +0 buckler (worn)
 f - a +0 helmet (worn)
Magical Staves
 j - a staff of death
Jewellery
 e - a ring of willpower (left hand)
Scrolls
 i - 3 scrolls of teleportation
 n - a scroll of fear
 o - a scroll of enchant armour {unknown}
 p - a scroll of vulnerability {unknown}
Potions
 k - 2 potions of degeneration
 m - a potion of brilliance
 q - a potion of haste {unknown}


   Skills:
 + Level 3.5 Fighting
 + Level 2.3 Axes
 + Level 3.0 Armour
 + Level 3.1 Shields
 * Level 0.2 Spellcasting
 * Level 0.8 Fire Magic


You couldn't memorise any spells.
You knew the following spells:

 Your Spells              Type           Power      Damage    Failure   Level
a - Scorch                Fire           4%         2d5       83%         2

Your spell library contained the following spells:

 Spells                   Type           Power      Damage    Failure   Level
 Flame Wave               Conj/Fire      1%         2d4       100%        4
 Summon Cactus Giant      Summ           0%         N/A       100%        6


Dungeon Overview and Level Annotations

Branches:
Dungeon (4/15)
 Temple: D:4-7

Altars:

Annotations:
D:2 Crazy Yiuf


Innate Abilities, Weirdness & Mutations

You have an unusually large brain. (Int +2)


Message History

You hit the endoplasm.
You kill the endoplasm!
Unknown command.
You now have 102 gold pieces (gained 10).
You see here a +0 hand axe.
You see here a +0 dagger.
There is an empty arch of ancient stone here.
There is an empty arch of ancient stone here.
There is a stone staircase leading down here.
Found a hammer.
Found a hammer.
Found a hammer.
You see here a +0 hammer.
Found seven hammers.
Found a runed translucent door.
You see here a +0 hammer.
Found a hammer.
Crazy Yiuf shouts!
You see here a +0 hammer.
Crazy Yiuf laughs, "Race mumblescurry wrapper!"
You see here a +0 hammer.
Found a runed hammer and two hammers.
You see here a +0 hammer.
Could not explore, unopened runed door.
You feel very mighty all of a sudden.
You open the door. You barely miss Crazy Yiuf. You block Crazy Yiuf's attack.
Crazy Yiuf hits you with a +4 quarterstaff of chaos!
Crazy Yiuf freezes you.
You closely miss Crazy Yiuf.
Crazy Yiuf grits, "Millenium!
Scoff head chair."
Crazy Yiuf closely misses you.
You slash Crazy Yiuf!
Crazy Yiuf is almost dead.
Crazy Yiuf closely misses you.
Crazy Yiuf hits you with a +4 quarterstaff of chaos!
Ouch! That really hurt!
* * * LOW HITPOINT WARNING * * *
You are electrocuted!
Ouch! That really hurt!
You die...

....#..#...#
#....####.##########
....#..##### ##..##
#.##########
...P#......# ♣....♣
#...........
....#...#### ♣)..♣♣
#.##########
.P..#....### ♣♣)♣♣
#.# #.P#..#..^.#
♣)♣♣ #.#
......##...# ♣♣)♣
#.# ########...#
♣)♣♣ ### #.### ♣♣@♣
#...# #g# ##### )))
#)))# #).)# #####


You could see Crazy Yiuf.

Vanquished Creatures
  2 adders
  A worm (D:2)
  2 dart slugs (D:2)
  8 endoplasms
  2 giant cockroaches
  4 goblins (D:1)
  3 hobgoblins
  4 ball pythons
  4 frilled lizards
  4 kobolds
  4 rats (D:2)
38 creatures vanquished.

Vanquished Creatures (others)
  2 plants (D:2)
2 creatures vanquished.

Grand Total: 40 creatures vanquished

Notes
Turn   | Place    | Note
-------+----------+-------------------------------------------
     0 | D:1      | jlumianski the Demonspawn Fighter began the quest for the
                  | Orb.
     0 | D:1      | Reached XP level 1. HP: 18/18 MP: 1/1
   135 | D:1      | Gained mutation: You have an unusually large brain. (Int
                  | +2) [demonic ancestry]
   135 | D:1      | Reached XP level 2. HP: 19/24 MP: 2/2
   640 | D:2      | Reached XP level 3. HP: 29/29 MP: 3/3
   643 | D:2      | Learned a level 2 spell: Scorch
   706 | D:2      | Found a faded altar of an unknown god.
  1661 | D:2      | Found a runed translucent door.
  1662 | D:2      | Noticed Crazy Yiuf
  1669 | D:2      | Mangled by Crazy Yiuf

Illustrated notes

Levels and vault maps discovered:
D:1:      minmay_arrival_pointy, layout_basic
D:2:      cheibrodos_old_hovel, layout_basic,
          hellmonk_ecumenical_altar_arch_garden, minmay_ruptured,
          uniq_crazy_yiuf_cottage
D:3:      layout_rooms
D:4:      layout_basic, eino_tiny_chamber, corexii_leaking_fountain,
          uniq_menkaure

Skill      XL: |  1  2 |
---------------+-------+-----
Shields        | 3 |  3.1
Axes           | 2 |  2.3
Armour         | 3 |  3.0
Fighting       | |  3.5
Spellcasting   | |  0.2
Fire Magic     | |  0.8

Action                   || total
-------------------------++-------
Melee: War axe           ||   106
Throw: Stone             ||    16
  Use: Scroll            ||     5
       Potion            ||     1
Armor: Scale mail        ||    53
Dodge: Dodged            ||    36
Block: Buckler           ||    20

Table legend: (Time is in decaauts)
 A = Elapsed time spent in this place.
 B = Non-inter-level travel time spent in this place.
 C = Inter-level travel time spent in this place.
 D = Time resting spent in this place.
 E = Time spent auto-exploring this place.
 F = Levels seen in this place.
 G = Mean time per level.
                   A        B        C        D        E       F      G
               +--------+--------+--------+--------+--------+-----+--------+
         Total |   1719 |   1691 |     28 |      0 |    976 |   4 |  429.8 |
       Dungeon |   1719 |   1691 |     28 |      0 |    976 |   4 |  429.8 |
               +--------+--------+--------+--------+--------+-----+--------+

Top non-repeatable levels by time:
     D:2: 973 daAuts
     D:1: 629 daAuts
     D:3: 114 daAuts
     D:4: 1 daAuts
